 Dungeon Crawl Stone Soup version 0.29.1-13-g9f3cf754e1 (webtiles) character file.

Game seed: 890192016569375099

157 Exodus22XD the Covered (level 5, -9/46 (47) HPs)
             Began as a Minotaur Fighter on Feb 5, 2023.
             Was an Initiate of Gozag.
             Mangled by Crazy Yiuf
             ... wielding a +4 quarterstaff of chaos
              (18 damage)
             ... on level 2 of the Dungeon.
             The game lasted 00:02:18 (1711 turns).

Exodus22XD the Covered (Minotaur Fighter)           Turns: 1711, Time: 00:02:19

HP:   -9/46 (47)    AC:  8    Str: 23    XL:     5   Next: 15%
MP:   4/4           EV:  9    Int:  5    God:    Gozag
Gold: 214           SH:  4    Dex:  9    Spells: 4/4 levels left

rFire   . . .      SeeInvis .   a - +0 war axe
rCold   . . .      Faith    .   c - +0 buckler
rNeg    . . .      Spirit   .   b - +0 scale mail
rPois   .          Reflect  .   (helmet restricted)
rElec   .          Harm     .   (no cloak)
rCorr   .          Rampage  .   r - +0 pair of gloves
Will    .....                   (no boots)
Stlth   ..........              (no amulet)
HPRegen 0.15/turn               (no ring)
MPRegen 0.09/turn               (no ring)

@: mighty, lightly drained
A: horns 2, retaliatory headbutt
a: Renounce Religion, Potion Petition, Call Merchant, Bribe Branch


You were on level 2 of the Dungeon.
You worshipped Gozag.
Gozag was aware of your devotion.
You visited 1 branch of the dungeon, and saw 2 of its levels.

You collected 214 gold pieces.

Inventory:

Hand Weapons
 a - a +0 war axe (weapon)
Armour
 b - a +0 scale mail (worn)
 c - a +0 buckler (worn)
 r - a +0 pair of gloves (worn)
Wands
 p - a wand of flame (17)
Scrolls
 h - 2 scrolls of identify {unknown}
 j - 3 scrolls of enchant armour {unknown}
 l - a scroll of summoning {unknown}
 m - a scroll of teleportation {unknown}
 o - a scroll of noise {unknown}
 q - 2 scrolls of poison {unknown}
Potions
 e - a potion of curing {unknown}
 f - 2 potions of lignification {unknown}
 g - 2 potions of resistance {unknown}
 i - a potion of mutation {unknown}
 k - a potion of attraction {unknown}
 n - a potion of magic {unknown}


   Skills:
 + Level 4.8 Fighting
 + Level 4.0 Axes
 + Level 4.8 Armour
 + Level 4.4 Shields


You had 4 spell levels left.
You didn't know any spells.
Your spell library was empty.

Dungeon Overview and Level Annotations

Branches:
Dungeon (2/15)

Altars:
Gozag

Annotations:
D:2 Crazy Yiuf


Innate Abilities, Weirdness & Mutations

You have a pair of horns on your head.
You reflexively headbutt those who attack you in melee.


Message History

No target in view!
You see here a +0 spear.
You now have 214 gold pieces (gained 12).
You see here 7 stones.
You see here a +0 robe.
You see here a +0 dagger.
Found a hammer.
Found a runed translucent door.
Crazy Yiuf shouts!
Press: ? - help, v - describe, . - travel
Here: Crazy Yiuf, wielding a +4 quarterstaff of chaos and wearing a +2 cloak of poison resistance (fire blocked by a runed translucent door)
The floor.
You feel very mighty all of a sudden.
You open the door.
Crazy Yiuf drinks a potion.
Crazy Yiuf seems to speed up.
Crazy Yiuf hits you with a +4 quarterstaff of chaos!
You feel drained.
There is an open translucent door, spattered with blood here.
You hit Crazy Yiuf but do no damage.
Crazy Yiuf hits you with a +4 quarterstaff of chaos.
Space warps around you.
Crazy Yiuf hits you with a +4 quarterstaff of chaos!
You slash Crazy Yiuf!
Crazy Yiuf is almost dead.
Crazy Yiuf grits, "Snurf!
Iron infinity ena."
Crazy Yiuf hits you with a +4 quarterstaff of chaos.
Crazy Yiuf completely misses you.
You barely miss Crazy Yiuf. Your headbutt misses Crazy Yiuf.
Crazy Yiuf is almost dead.
Crazy Yiuf closely misses you.
Crazy Yiuf hits you with a +4 quarterstaff of chaos.
* * * LOW HITPOINT WARNING * * *
Crazy Yiuf burns you.
* * * LOW HITPOINT WARNING * * *
You barely miss Crazy Yiuf. Your headbutt misses Crazy Yiuf.
Crazy Yiuf is almost dead.
Crazy Yiuf barely misses you.
Crazy Yiuf hits you with a +4 quarterstaff of chaos.
* * * LOW HITPOINT WARNING * * *
You are electrocuted!!
You die...
Your body crumbles into a pile of gold.

..####.# #..........#
#...##.#####.#######.###
.....#.................##########
...#...################.(........
##...#.# #######.### ....#..#
#.......# ##..#.###♣♣ ####
######### ##........♣♣ ♣♣#..)#
...........♣♣♣♣.@g..#
............♣..♣#...#
#...#.#....♣.♣♣♣ ####
#...#.###♣♣♣♣♣ #.....#
#.#...######## ######
#.#...##..##.# #.##.#
#.#....<.....## #[##.#
..##..........#####.##.#


You could see Crazy Yiuf (fast).

Vanquished Creatures
  Jessica (D:2)
  Natasha (thrice) (D:2)
  3 adders (D:2)
  6 endoplasms
  A giant cockroach (D:2)
  3 goblins (D:1)
  A hobgoblin (D:2)
  4 kobolds
  3 quokkas
  A bat (D:1)
  2 frilled lizards
  6 rats
34 creatures vanquished.

Notes
Turn   | Place    | Note
-------+----------+-------------------------------------------
     0 | D:1      | Exodus22XD the Minotaur Fighter began the quest for the
                  | Orb.
     0 | D:1      | Reached XP level 1. HP: 19/19 MP: 0/0
   308 | D:1      | Reached XP level 2. HP: 27/27 MP: 1/1
   831 | D:2      | Found a faded altar of an unknown god.
   842 | D:2      | Noticed Jessica
   844 | D:2      | Killed Jessica
   845 | D:2      | Reached XP level 3. HP: 33/33 MP: 2/2
   853 | D:2      | Noticed Natasha
   855 | D:2      | Prayed at the altar of an unknown god.
   855 | D:2      | Became a worshipper of Gozag Ym Sagoz the Greedy
   860 | D:2      | Killed Natasha
   861 | D:2      | Reached XP level 4. HP: 37/41 MP: 3/3
  1002 | D:2      | Noticed Natasha
  1010 | D:2      | Killed Natasha
  1021 | D:2      | Noticed Natasha
  1031 | D:2      | Killed Natasha
  1228 | D:2      | Reached XP level 5. HP: 47/47 MP: 4/4
  1701 | D:2      | Found a runed translucent door.
  1702 | D:2      | Noticed Crazy Yiuf
  1711 | D:2      | Mangled by Crazy Yiuf

Illustrated notes

Levels and vault maps discovered:
D:1:      nzn_arrival_depleted_hourglass, layout_loops_ring
D:2:      layout_loops_ring, ebering_ecumenical_altar_sacrificial, uniq_natasha,
          uniq_crazy_yiuf_cottage, uniq_jessica

Skill      XL: |  1  2  3  4 |
---------------+-------------+-----
Fighting       | 4 |  4.8
Axes           | 3 4 |  4.0
Armour         | 4 |  4.8
Shields        | 4 |  4.4

Action                   |  1- 3 |  4- 6 || total
-------------------------+-------+-------++-------
Melee: War axe           |    36 |    34 ||    70
       Headbutt          |     4 |     4 ||     8
  Use: Potion            |       |     1 ||     1
Armor: Scale mail        |    15 |    13 ||    28
Dodge: Dodged            |    16 |    18 ||    34
Block: Buckler           |     7 |     5 ||    12
